 Dungeon Crawl Stone Soup version 0.30.1-11-g7821555f0a (webtiles) character file.

Game seed: 3383951649638077326

6 SacredBeard the Vexing (level 1, 0/11 HPs)
             Began as a Deep Elf Hexslinger on Nov 2, 2023.
             Slain by a kobold
             ... wielding a +0 dagger
              (4 damage)
             ... on level 1 of the Dungeon.
             The game lasted 00:01:37 (263 turns).

SacredBeard the Vexing (Deep Elf Hexslinger)         Turns: 263, Time: 00:01:38

Health: 0/11       AC:  2    Str:  7    XL:     1   Next: 75%
Magic:  5/5        EV: 12    Int: 17    God:
Gold:   34         SH:  0    Dex: 15    Spells: 2/3 levels left

rFire   . . .        f - +0 dagger
rCold   . . .        (no shield)
rNeg    . . .        c - +0 robe
rPois   .            (no helmet)
rElec   .            (no cloak)
rCorr   .            (no gloves)
SInv    .            (no boots)
Will    .....        (no amulet)
Stlth   +            (no ring)
HPRegen 0.21/turn    (no ring)
MPRegen 0.09/turn

%: no passive effects
@: no status effects
A: no striking features
a: no special abilities


You were on level 1 of the Dungeon.
You visited 1 branch of the dungeon, and saw 1 of its levels.

You collected 34 gold pieces.

Inventory:

Hand Weapons
 a - a +1 sling
 f - a +0 dagger (weapon)
Armour
 c - a +0 robe (worn)
Scrolls
 b - a scroll of poison
 d - 2 scrolls of teleportation {unknown}
 g - a scroll of identify {unknown}
 h - a scroll of fog {unknown}
Potions
 e - 2 potions of heal wounds {unknown}


   Skills:
 + Level 0.9 Fighting
 * Level 2.9 Ranged Weapons
 + Level 0.3 Armour
 + Level 2.5 Dodging
 + Level 1.6 Spellcasting
 + Level 4.1 Hexes


You had 2 spell levels left.
You knew the following spells:

 Your Spells              Type           Power      Damage    Failure   Level
a - Slow                  Hex            60%        N/A       3%          1

Your spell library contained the following spells:

 Spells                   Type           Power      Damage    Failure   Level
 Inner Flame              Hex/Fire       8%         N/A       26%         3
 Portal Projectile        Hex/Tloc       16%        N/A       26%         3
 Cause Fear               Hex            7%         N/A       36%         4


Dungeon Overview and Level Annotations

Branches:
Dungeon (1/15) Zot: 5734

Altars:


Message History

Aim: a rat (heavily wounded, about 37% to evade your +0 dagger)
You hit the rat.
You kill the rat!
You see here a rat corpse.
e - 2 amethyst potions (gained 1)
Found a stone staircase leading down.
A rat comes into view.
a - a +1 sling (weapon)
You shoot a sling bullet. The sling bullet hits the rat.
The rat is moderately wounded.
You shoot a sling bullet.
The sling bullet hits the rat but does no damage.
The rat is moderately wounded.
You shoot a sling bullet. The sling bullet barely misses the rat.
You shoot a sling bullet. The sling bullet hits the rat.
The rat is severely wounded.
A kobold comes into view. It is wielding a +0 dagger.
Okay, then.
Unknown command.
f - a +0 dagger (weapon)
The rat attacks as you move away! The rat bites you.
A bat comes into view.
The bat moves out of view.
You hit the rat.
You kill the rat!
A dart slug comes into view.
You hit the kobold.
The kobold is moderately wounded.
The kobold hits you with a +0 dagger.
A rat comes into view.
You closely miss the kobold.
The kobold is moderately wounded.
The kobold completely misses you.
You hit the kobold but do no damage.
The kobold is moderately wounded.
The kobold hits you with a +0 dagger.
You closely miss the kobold.
The kobold is moderately wounded.
The kobold hits you with a +0 dagger.
You die...

........ . ##>.|..# ?.
#...K..# ..## #.#....#
...#.#..# #r#w...#
#...#....# #.#K######
#.#@#### #.#....#
#.####.####
########...#.....#
#######.....####.#.###.#
......'.....# #....†..#
#######.....# ####†####
###'### #.# #.# #.#


You could see a dart slug, a kobold and a rat.

Vanquished Creatures
  A ball python (D:1)
  A goblin (D:1)
  A hobgoblin (D:1)
  A frilled lizard (D:1)
  2 rats (D:1)
6 creatures vanquished.

Notes
Turn   | Place    | Note
-------+----------+-------------------------------------------
     0 | D:1      | SacredBeard the Deep Elf Hexslinger began the quest for the
                  | Orb.
     0 | D:1      | Reached XP level 1. HP: 11/11 MP: 5/5
   263 | D:1      | Slain by a kobold

Illustrated notes

Levels and vault maps discovered:
D:1:      elethiomel_arrival_fortress_basement, layout_basic,
          skrybe_limestone_x, nicolae_nh_oracle_at_delphi

Action                     || total
---------------------------++-------
  Melee: Dagger            ||    14
   Fire: Sling             ||    16
 Armour: Robe              ||     1
  Dodge: Dodged            ||    11
